 Dungeon Crawl Stone Soup version 0.31.0-32-g396128a36d (webtiles) character file.

Game seed: 3771700779486210001

44 AdnanSaban the Trooper (level 3, -1/24 HPs)
             Began as a Gargoyle Fighter on Apr 18, 2024.
             Slain by a hobgoblin (3 damage)
             ... on level 4 of the Dungeon.
             The game lasted 00:01:57 (1704 turns).

AdnanSaban the Trooper (Gargoyle Fighter)           Turns: 1704, Time: 00:01:57

Health: -1/24      AC: 10    Str: 21    XL:     3   Next: 62%
Magic:  3/3        EV:  9    Int:  8    God:
Gold:   196        SH:  4    Dex:  9    Spells: 2/2 levels left

rFire   . . .        a - +0 flail
rCold   . . .        c - +0 buckler
rNeg    + . .        b - +0 scale mail
rPois   ∞            (no helmet)
rElec   +            (no cloak)
rCorr   .            (no gloves)
SInv    .            (no boots)
Will    .....        (no amulet) Stlth
                     (no ring)
HPRegen 0.24/turn    (no ring)
MPRegen 0.08/turn

%: no passive effects
@: no status effects
A: sickness immunity, AC +3, negative energy resistance 1, electricity
resistance, torment resistance 1, petrification resistance
a: no special abilities


You were on level 4 of the Dungeon.
You visited 1 branch of the dungeon, and saw 4 of its levels.

You collected 196 gold pieces.

Inventory:

Hand Weapons
 a - a +0 flail (weapon)
Missiles
 e - 4 poisoned darts (quivered)
 i - 2 boomerangs
 m - 2 throwing nets
Armour
 b - a +0 scale mail (worn)
 c - a +0 buckler (worn)
Scrolls
 f - 2 scrolls of vulnerability {unknown}
 j - a scroll of identify {unknown}
 k - a scroll of teleportation {unknown}
Potions
 d - a potion of might
 g - 2 potions of ambrosia {unknown}
 h - 2 potions of lignification {unknown}
 l - a potion of degeneration {unknown}


   Skills:
 + Level 3.9 Fighting
 + Level 2.5 Maces & Flails
 + Level 3.6 Armour
 + Level 0.2 Dodging
 + Level 0.2 Stealth
 + Level 3.6 Shields


You had 2 spell levels left.
You didn't know any spells.
Your spell library was empty.

Dungeon Overview and Level Annotations

Branches:
Dungeon (4/15)
 Temple: D:4-7

Altars:


Innate Abilities, Weirdness & Mutations

You are immune to sickness and miasma.
Your stone body is resilient. (AC +3)
You are immune to poison.
You resist negative energy. (rN+)
You are resistant to electric shocks. (rElec)
You are resistant to unholy torment.
You are immune to petrification.


Message History

A ribbon worm comes into view.
The scorpion barely misses you. The endoplasm closely misses you.
The hobgoblin barely misses you.
The endoplasm hits you but does no damage.
Things that are here:
a +0 hand axe; an orc corpse The scorpion stings you.
* * * LOW HITPOINT WARNING * * *
You hit the scorpion.
The scorpion is severely wounded.
The scorpion misses you. You block the scorpion's attack.
The hobgoblin attacks as it pursues you!
The hobgoblin hits you.
* * * LOW HITPOINT WARNING * * *
The scorpion attacks as it pursues you!
The scorpion stings you but does no damage.
You hit the scorpion.
The scorpion is almost dead.
The scorpion stings you but does no damage.
The scorpion misses you. The scorpion attacks as it pursues you!
The scorpion closely misses you.
You hit the scorpion but do no damage.
The scorpion is almost dead.
The hobgoblin barely misses you.
The scorpion stings you but does no damage. x2
The hobgoblin hits you but does no damage.
The scorpion attacks as it pursues you! You block the scorpion's attack.
The hobgoblin barely misses you.
You closely miss the scorpion.
The scorpion is almost dead.
The endoplasm jiggles.
The scorpion stings you.
* * * LOW HITPOINT WARNING * * *
The hobgoblin hits you.
* * * LOW HITPOINT WARNING * * *
You hit the scorpion.
The scorpion is almost dead.
The scorpion completely misses you. The hobgoblin hits you.
You die...

#.........
#)........ #
###......... ##
##....)......
.##
###...#........
..#
##.w.####.......
..# ###...##
#....##. ..# #
##.gJ### ######
.## ##. ###.@s##
## #..####...###
# # #>......##
#... #.....###
.# #.....## ##
#......##
#.......#
#.....#.##
#.....##.##


You could see a ribbon worm, a scorpion, an endoplasm and a hobgoblin.

Vanquished Creatures
  An orc (D:4)
  7 ball pythons
  4 bats
  2 endoplasms
  4 giant cockroaches
  4 goblins
  5 hobgoblins
  3 quokkas
  3 frilled lizards
  3 kobolds
36 creatures vanquished.

Notes
Turn   | Place    | Note
-------+----------+-------------------------------------------
     0 | D:1      | AdnanSaban the Gargoyle Fighter began the quest for the
                  | Orb.
     0 | D:1      | Reached XP level 1. HP: 14/14 MP: 1/1
   317 | D:1      | Reached XP level 2. HP: 18/19 MP: 2/2
   577 | D:2      | Reached XP level 3. HP: 24/24 MP: 3/3
  1108 | D:3      | Found a faded altar of an unknown god.
  1140 | D:3      | Found Xeastrish's Antique Weapon Boutique.
  1680 | D:4      | Noticed a scorpion
  1703 | D:4      | HP: 1/24 [hobgoblin (2)]
  1704 | D:4      | Slain by a hobgoblin

Illustrated notes

Levels and vault maps discovered:
D:1:      dpeg_arrival_simpleton_c, layout_rooms, nicolae_titane
D:2:      layout_basic, st_stairs_14
D:3:      layout_basic, ebering_ecumenical_altar_ruins, serial_shops, shop
D:4:      layout_cave_pods, mainiacjoe_overflow_surrounded_room,
          lightli_ossuary_entry_decrepit_ruins

Action                     || total
---------------------------++-------
  Melee: Flail             ||   123
 Armour: Scale mail        ||   112
  Dodge: Dodged            ||    80
  Block: Buckler           ||    31
